 Dungeon Crawl Stone Soup version 0.25.1-2-g60ff931df9 (webtiles) character file.

Game seed: 4469034357653089305

133 Erymatos the Chopper (level 4, 0/41 HPs)
             Began as a Minotaur Berserker on Oct 31, 2020.
             Was a Priest of Trog.
             Killed by nerve-wracking pain
             ... invoked by an orc priest
              (10 damage)
             ... on level 3 of the Dungeon.
             The game lasted 00:02:02 (2368 turns).

Erymatos the Chopper (Minotaur Berserker)           Turns: 2368, Time: 00:02:03

Health: 0/41       AC:  5    Str: 23    XL:     4   Next: 93%
Magic:  3/3        EV: 11    Int:  4    God:    Trog [***...]
Gold:   130        SH:  0    Dex:  9    Spells: 3/3 levels left

rFire    . . .     SeeInvis .   a - +0 hand axe
rCold    . . .     Gourm    .   (no shield)
rNeg     . . .     Faith    .   e - +0 ring mail
rPois    .         Spirit   .   (helmet restricted)
rElec    .         Reflect  .   (no cloak)
rCorr    .         Harm     .   (no gloves)
MR       .....                  (no boots)
Stlth    ..........             (no amulet)
HPRegen  0.13/turn              i - ring of flight
MPRegen  0.08/turn              (no ring)

@: no status effects
A: retaliatory headbutt, horns 2
a: Berserk, Trog's Hand, Renounce Religion, Evoke Flight


You were on level 3 of the Dungeon.
You worshipped Trog.
Trog was most pleased with you.
You were not hungry.

You visited 1 branch of the dungeon, and saw 3 of its levels.

You collected 130 gold pieces.

Inventory:

Hand Weapons
 a - a +0 hand axe (weapon)
Armour
 b - a +0 animal skin
 e - a +0 ring mail (worn)
Jewellery
 i - a ring of flight (left hand)
 j - an uncursed amulet of regeneration {unknown}
 k - an uncursed ring of protection from magic {unknown}
Scrolls
 d - a scroll of teleportation {unknown}
 g - 2 scrolls of immolation {unknown}
 l - a scroll of fog {unknown}
Potions
 h - 2 potions of curing {unknown}
Comestibles
 c - 5 rations
 f - a chunk of flesh


   Skills:
 + Level 4.7 Fighting
 + Level 5.0 Axes
 + Level 3.7 Armour
 + Level 2.6 Dodging
 + Level 0.1 Stealth


You had 3 spell levels left.
You didn't know any spells.
Your spell library was empty.

Dungeon Overview and Level Annotations

Branches:
Dungeon (3/15)

Altars:
Zin


Innate Abilities, Weirdness & Mutations

You reflexively headbutt those who attack you in melee.
You have a pair of horns on your head.


Message History

Trog accepts your kill.
You are too injured to fight recklessly!
An orc comes into view. It is wielding a +0 short sword.
The orc shouts!
An orc comes into view.
Found a ration.
Things that are here:
a +0 trident of flaming; a +0 chain mail of cold resistance; an orc corpse The orc shouts!
You hit the orc. You headbutt the orc, but do no damage.
The orc is heavily wounded.
The orc closely misses you.
You are too injured to fight recklessly!
You are too injured to fight recklessly!
You slash the orc!
You kill the orc!
Trog accepts your kill.
The orc priest invokes the aid of Beogh against you.
Pain shoots through your body!
You die...

#.# ##.## #...#
###...#### #........#
###.########........#
#...................####
#.#.###..#####...#....).
#@†# #...#######
#......).# #.###
#.#..#o..# #.# #...
....# #.# #.# ...$## #.#
# .o.... #.# ....... #.#
.......% #.# #.#


You could see an orc priest and an orc.

Vanquished Creatures
  A worker ant (D:3)
  3 adders
  An ooze (D:2)
  A worm (D:3)
  A dart slug (D:2)
  2 leopard geckos (D:2)
  3 orcs (D:3)
  A ball python (D:1)
  5 bats
  5 giant cockroaches
  9 goblins
  4 hobgoblins
  7 jackals
  6 kobolds
  A quokka (D:3)
  6 frilled lizards
  8 rats
64 creatures vanquished.

Notes
Turn   | Place    | Note
-------+----------+-------------------------------------------
     0 | D:1      | Erymatos the Minotaur Berserker began the quest for the
                  | Orb.
     0 | D:1      | Reached XP level 1. HP: 19/19 MP: 0/0
   222 | D:1      | Reached XP level 2. HP: 27/27 MP: 1/1
   224 | D:1      | Reached skill level 4 in Axes
   815 | D:2      | Found a faded altar of an unknown god.
   823 | D:2      | Reached XP level 3. HP: 27/33 MP: 2/2
   905 | D:2      | Reached ** piety under Trog
  1507 | D:2      | Noticed an angel
  1508 | D:2      | Found a glowing silver altar of Zin.
  1579 | D:2      | Reached XP level 4. HP: 38/41 MP: 3/3
  2186 | D:3      | Reached *** piety under Trog
  2186 | D:3      | Reached skill level 5 in Axes
  2368 | D:3      | Killed from afar by an orc priest

Illustrated notes

Levels and vault maps discovered:
D:1:      minmay_arrival_diagonal_passages, layout_loops_ring
D:2:      layout_basic, zin_angel, chequers_ecumenical_altar_simple_redux,
          first_ration
D:3:      layout_loops_cross

Skill      XL: |  1  2  3  4 |
---------------+-------------+-----
Axes           | 4 5 |  5.0
Fighting       | 4 |  4.7
Armour         | 3 |  3.7
Dodging        | |  2.6
Stealth        | |  0.1

Action                   |  1- 3 |  4- 6 || total
-------------------------+-------+-------++-------
Melee: Hand axe          |    83 |    48 ||   131
       Headbutt          |    10 |     8 ||    18
  Eat: Chunk             |     2 |     3 ||     5
Armor: Ring mail         |    30 |    11 ||    41
       Animal skin       |     1 |       ||     1
Dodge: Dodged            |    48 |    32 ||    80
